 Dungeon Crawl Stone Soup version 0.28.0-1-gb440e238dd (webtiles) character file.

Game seed: 114804675412663345

122955 H0rd4k the Sorcerer (level 16, -5/81 HPs)
             Began as a Deep Elf Hedge Wizard on Feb 22, 2022.
             Was an Initiate of Gozag.
             Killed by the raging water
             ... invoked by a water nymph
              (32 damage)
             ... on level 4 of the Shoals on Feb 25, 2022.
             The game lasted 02:12:15 (49971 turns).

H0rd4k the Sorcerer (Deep Elf Hedge Wizard)        Turns: 49971, Time: 02:12:16

Health: -5/81      AC: 12    Str:  6 (7)  XL:     16   Next: 35%
Magic:  0/45       EV: 13    Int: 30      God:    Gozag
Gold:   2437       SH:  0    Dex: 10 (14) Spells: 8/61 levels left

rFire   . . .      SeeInvis .   S - staff of earth
rCold   . . .      Faith    .   D - orb {guile}
rNeg    . . .      Spirit   +   m - +0 robe "Ekow" {Int+2 Slay+2}
rPois   .          Reflect  .   c - +2 hat
rElec   .          Harm     .   (no cloak)
rCorr   .          Rampage  .   (no gloves)
Will    .....                   (no boots)
Stlth   +.........              C - amulet of guardian spirit
HPRegen 0.23/turn               o - +4 ring of protection
MPRegen 0.29/turn               B - +4 ring of protection

@: studying Summonings, very slow
A: deterioration 1
a: Renounce Religion, Potion Petition, Call Merchant, Bribe Branch


You were on level 4 of the Shoals.
You worshipped Gozag.
Gozag was most pleased with you.
You visited 5 branches of the dungeon, and saw 26 of its levels.
You also visited: Volcano.

You collected 8347 gold pieces.
You spent 3045 gold pieces at shops.
You paid 2865 gold pieces to Gozag.

Inventory:

Hand Weapons
 a - a +0 dagger
 W - the +4 shortbow of Crystal {vorpal, SInv}
   (You found it on level 2 of the Shoals)

   Any ammunition fired from it inflicts extra damage upon your enemies.
   SInv:      It lets you see invisible.
Missiles
 e - 5 throwing nets
Armour
 c - a +2 hat (worn)
 m - the +0 robe "Ekow" (worn) {Int+2 Slay+2}
   (You bought it in a shop on level 2 of the Orcish Mines)

   Int:       It affects your intelligence (+2).
   Slay:      It affects your accuracy & damage with ranged weapons and melee
   (+2).
 D - an orb of guile (worn)
Magical Staves
 S - a staff of earth (weapon)
Jewellery
 b - a ring of resist corrosion
 h - a ring of wizardry
 o - a +4 ring of protection (left hand)
 q - a ring of ice
 t - a ring of poison resistance
 A - a ring of positive energy
 B - a +4 ring of protection (right hand)
 C - an amulet of guardian spirit (around neck)
 I - a ring of willpower
 L - an amulet of the acrobat
 R - an amulet of magic regeneration
Wands
 z - a wand of digging (7)
 G - a wand of polymorph (14)
 J - a wand of flame (7)
 Q - a wand of paralysis (3)
 Y - a wand of mindburst (7)
Scrolls
 j - 6 scrolls of amnesia
 k - 2 scrolls of fog
 l - 3 scrolls of teleportation
 r - 5 scrolls of fear
 x - a scroll of summoning
 y - 3 scrolls of holy word
 E - a scroll of brand weapon
 H - 5 scrolls of enchant armour
 M - a scroll of acquirement {unknown}
 P - a scroll of immolation
 V - a scroll of enchant weapon
Potions
 d - 12 potions of ambrosia
 f - 6 potions of brilliance
 g - a potion of resistance
 n - a potion of degeneration {unknown}
 p - a potion of invisibility
 s - a potion of heal wounds
 u - a potion of attraction
 w - 10 potions of curing
 F - 3 potions of mutation
 K - 2 potions of lignification
 N - 5 potions of flight
 O - 5 potions of cancellation
 T - a potion of might
 X - a potion of berserk rage {unknown}
Miscellaneous
 v - a piece from Xom's chessboard (15/15)
 U - a phial of floods


   Skills:
 + Level 2.7 Fighting
 + Level 6.0 Dodging
 + Level 3.1 Stealth
 + Level 23.2 Spellcasting
 + Level 16.7 Conjurations
 * Level 9.3 Summonings
 - Level 1.5 Necromancy
 + Level 6.9 Translocations
 - Level 4.1 Fire Magic
 + Level 1.6 Air Magic
 + Level 14.8 Earth Magic
 - Level 4.1 Poison Magic
 + Level 3.2 Evocations


You had 8 spell levels left.
You knew the following spells:

 Your Spells              Type           Power      Damage    Failure   Level
a - Magic Dart            Conj           100%       1d8       0%          1
b - Blink                 Tloc           100%       N/A       1%          2
c - Conjure Flame         Conj/Fire      77%        6-21      1%          3
d - Mephitic Cloud        Conj/Pois/Air  68%        N/A       1%          3
e - Stone Arrow           Conj/Erth      100%       3d13      0%          3
f - Lee's Rapid Deconstr  Erth           55%        3d27*     1%          5
g - Borgnjor's Vile Clut  Necr/Erth      45%        N/A       1%          5
h - Teleport Other        Tloc           66%        N/A       1%          3
i - Iskenderun's Mystic   Conj/Tloc      82%        2d16      1%          4
j - Iron Shot             Conj/Erth      57%        9d11      1%          6
k - Summon Forest         Summ/Tloc      35%        N/A       1%          5
l - Spellforged Servitor  Conj/Summ      42%        N/A       3%          7
m - Summon Cactus Giant   Summ           37%        N/A       3%          6

Your spell library contained the following spells:

 Spells                   Type           Power      Damage    Failure   Level
 Sandblast                Erth           100%       2d20      0%          1
 Beastly Appendage        Tmut           68%        N/A       1%          1
 Slow                     Hex            100%       N/A       1%          1
 Call Imp                 Summ           74%        N/A       1%          2
 Passwall                 Tmut/Erth      72%        N/A       1%          2
 Wereblood                Tmut           34%        N/A       1%          2
 Gell's Gravitas          Tloc           66%        N/A       1%          3
 Ignite Poison            Fire/Tmut/Pois 51%        N/A       1%          3
 Spider Form              Tmut/Pois      47%        N/A       1%          3
 Summon Guardian Golem    Hex/Summ       58%        N/A       1%          3
 Animate Armour           Summ/Erth      100%       N/A       1%          4
 Fulminant Prism          Conj/Hex       35%        3d18      1%          4
 Olgreb's Toxic Radiance  Pois           56%        N/A       1%          4
 Passage of Golubria      Tloc           66%        N/A       1%          4
 Summon Ice Beast         Ice/Summ       58%        N/A       1%          4
 Freezing Cloud           Conj/Ice/Air   32%        6-21      1%          5
 Orb of Destruction       Conj           47%        9d12      1%          7
 Tukima's Dance           Hex            34%        N/A       2%          3
 Summon Mana Viper        Hex/Summ       58%        N/A       3%          5
 Airstrike                Air            22%        N/A       4%          4
 Animate Dead             Necr           21%        N/A       4%          4
 Anguish                  Hex/Necr       19%        N/A       7%          4
 Dispersal                Tloc           33%        N/A       9%          6
 Monstrous Menagerie      Summ           37%        N/A       16%         7
 Blade Hands              Tmut           17%        N/A       26%         5
 Yara's Violent Unravell  Hex/Tmut       17%        3d8       26%         5
 Death Channel            Necr           21%        N/A       58%         6
 Enfeeble                 Hex            17%        N/A       100%        7
 Ozocubu's Refrigeration  Ice            17%        4d8       100%        7
 Ignition                 Fire           28%        3d9       100%        8


Dungeon Overview and Level Annotations

Branches:
Dungeon (13/15)            Temple (1/1) D:6            Lair (6/6) D:10
 Shoals (4/4) Lair:2       Spider (0/4) Lair:3        Slime (0/5) Lair:5
    Orc (2/2) D:12            Elf (0/3) Orc:2       Volcano (visited)
 Vaults: D:13-14

Altars:
Ashenzari
Cheibriados
Elyvilon
Fedhas
Gozag
Hepliaklqana
Kikubaaqudgha
Makhleb
Nemelex Xobeh
Okawaru
Sif Muna
Trog
Uskayaw
Vehumet
Wu Jian
Xom
Yredelemnul
Zin
The Shining One
Beogh

Shops:
D:2 =   D:6 *   D:10 *::(   Orc:2 [:*(

Portals:
Hell: Lair:6

Annotations:
D:4 exclusion: upstairs
D:5 exclusions: downstairs and upstairs
D:10 exclusion: downstairs
D:11 exclusion: downstairs
Lair:2 exclusion: 2 downstairs
Lair:3 exclusion: catoblepas
Lair:4 exclusion: downstairs
Lair:5 exclusion: 2 downstairs
Shoals:1 exclusion: 2 downstairs
Shoals:2 3 runed translucent doors, exclusions: 3 doors and downstairs, LaularuKyrumo's ghost, adept NaBe
Orc:1 exclusion: 2 downstairs


Innate Abilities, Weirdness & Mutations

Your body sometimes deteriorates upon taking damage.


Message History

You carefully extract the barbed spikes from your body.
The merfolk javelineer throws a javelin.
The javelin pierces through you!
Your body deteriorates!
You feel weakened.
Aiming: Mindburst
Press: ? - help, Shift-Dir - straight line, f/p - merfolk javelineer
Aim: a merfolk javelineer, wielding a +0 spear of venom, wearing a +0 leather armour and quivering javelins (moderately wounded, chance to affect: 88%)
The merfolk javelineer's mind is blasted!!
The merfolk javelineer throws a javelin.
The javelin pierces through you!!
Aiming: Mindburst
Press: ? - help, Shift-Dir - straight line, f/p - merfolk javelineer
Aim: a merfolk javelineer, wielding a +0 spear of venom, wearing a +0 leather armour and quivering javelins (heavily wounded, chance to affect: 88%)
The merfolk javelineer's mind is blasted!
The merfolk javelineer throws a javelin.
The javelin pierces through you!
* * * LOW HITPOINT WARNING * * *
The water nymph flows with the water.
Unknown command.
Aiming: Mindburst
Press: ? - help, Shift-Dir - straight line, f/p - merfolk javelineer
Aim: a merfolk javelineer, wielding a +0 spear of venom, wearing a +0 leather armour and quivering javelins (severely wounded, chance to affect: 88%)
The merfolk javelineer's mind is blasted!!
You blow up the merfolk javelineer!
You hear a splash. x3; You hear a zap.
Some rock shatters into small pieces.
Your magical contamination has completely faded away.
You feel your dexterity returning.
You feel much better.
You enter the shallow water.
Moving in this stuff is going to be slow.
The water nymph is distracted by your dazzling golden aura.
The water nymph points at you and mumbles some strange words.
The water swirls and strikes you!
The water nymph is distracted by your dazzling golden aura.
The water nymph is no longer distracted by gold.
The water nymph points at you and mumbles some strange words.
The water swirls and strikes you!!
You die...
Your body crumbles into a pile of gold.

....≈≈≈≈≈≈≈≈..≈≈Hm.........#
....≈≈≈≈≈≈≈≈.##≈##H≈≈......##
≈...≈≈≈≈≈≈..##m≈ #.mm≈......#
≈≈≈≈≈≈......#≈≈H #)≈#####...
≈≈≈≈........#≈≈= #..#
≈≈≈≈........#≈≈≈ #.#
≈≈≈≈...#....##.≈ ##.+
≈.≈≈≈....<≈≈≈#####m≈#
...≈≈≈...≈≈≈≈≈≈≈@≈m≈##
..≈≈≈≈≈≈.≈≈≈≈≈≈≈≈≈≈≈.##+##.
≈≈≈≈≈≈≈≈≈≈≈≈≈≈≈≈≈≈.......^.
≈≈≈≈≈≈≈≈≈≈≈≈≈≈≈≈≈≈.........
≈≈≈≈≈≈≈≈≈≈≈≈≈≈≈≈≈≈≈.......≈
≈≈≈≈≈≈≈≈≈≈≈≈≈≈≈≈≈≈≈.......≈
≈≈≈≈≈≈≈≈≈≈≈≈≈≈≈≈≈≈≈.......≈
≈≈≈≈≈≈≈≈≈≈≈≈≈≈......≈≈
≈≈≈≈≈≈≈≈≈≈≈.....≈≈≈


You could see a merfolk impaler and a water nymph.

Vanquished Creatures
  Rupert (Orc:2)
  Kirke (Lair:4)
  Donald (Orc:2)
  5 merfolk javelineers
  2 merfolk impalers (Shoals:2)
  Josephine (Shoals:1)
  13 hydras
  2 boulder beetles (Lair:6)
  2 catoblepae
  An ogre mage (D:11)
  A merfolk avatar (Shoals:3)
  3 centaur warriors
  5 two-headed ogres
  An alligator snapping turtle (Shoals:3)
  2 satyrs (Shoals:3)
  2 merfolk aquamancers
  3 tengu warriors
  5 orc high priests
  12 death yaks
  Urug (Lair:4)
  Sonja (Lair:2)
  A sixfirhy (Lair:6)
  A fire crab (Volcano)
  4 sea snakes
  A wizard (Lair:6)
  An obsidian statue (D:9)
  7 harpies
  A lindwurm (Volcano)
  A deep elf pyromancer (D:13)
  6 orc sorcerers
  A cyclops (Shoals:1)
  12 fauns
  3 orc knights (Orc:1)
  12 manticores
  2 ugly things (D:12)
  A centaur zombie (D:11)
  6 merfolk sirens
  8 water nymphs
  A black mamba (Lair:5)
  10 elephants
  2 orange demons (Lair:6)
  A gargoyle (D:13)
  A smoke demon (Lair:6)
  3 torpor snails
  15 cane toads
  Maggie (D:7)
  6 komodo dragons
  4 rime drakes
  2 tengu conjurers (D:13)
  2 ice devils (Lair:6)
  A kobold demonologist (D:9)
  2 trolls
  A queen bee (Lair:5)
  3 meliai (Lair:5)
  A wolf spider simulacrum (D:13)
  A red devil (Lair:6)
  5 wind drakes
  12 merfolk
  A polar bear (Lair:1)
  16 blink frogs
  6 snapping turtles
  14 dream sheep
  55 yaks
  Sigmund (D:4)
  6 wraiths
  3 wyverns
  8 water elementals
  6 fire bats (Volcano)
  4 basilisks
  3 hogs (Lair:4)
  4 vampire mosquitoes
  A redback (Lair:3)
  5 steam dragons
  Menkaure (D:4)
  5 hell hounds
  2 acid dragons
  28 water moccasins
  20 orc warriors
  3 sky beasts
  A black bear (Lair:1)
  2 ice beasts
  17 wolves
  4 centaurs
  4 necrophages
  12 ogres
  2 phantoms
  A kobold brigand (D:7)
  A nameless horror (Shoals:3)
  7 bullfrogs
  A gnoll sergeant (D:9)
  2 scorpions
  30 killer bees
  4 howler monkeys
  3 quasits (D:3)
  14 jellies
  A bullfrog skeleton (D:5)
  28 orc priests
  Jessica (D:2)
  Terence (D:2)
  26 orc wizards
  The ghost of Uwazi the Skirmisher, a weakling OgBe of Trog (D:3)
  Robin (D:4)
  9 gnolls
  6 adders
  A shadow imp (D:6)
  An ufetubus (D:6)
  An adder skeleton (D:4)
  4 worms
  3 dart slugs
  45 orcs
  6 endoplasms
  8 giant cockroaches
  21 goblins
  7 hobgoblins
  3 jackals (D:5)
  9 kobolds
  3 quokkas
  3 ball pythons
  6 bats
  3 frilled lizards
  10 rats
712 creatures vanquished.

Vanquished Creatures (collateral kills)
  A merfolk javelineer (Shoals:2)
  2 manticores
  A water nymph (Shoals:4)
  A blink frog (Lair:4)
  3 water elementals
  2 wolves (Lair:4)
  A killer bee (D:10)
11 creatures vanquished.

Vanquished Creatures (others)
  A death yak (Lair:6)
  A human (Lair:4)
  A wolf (Lair:4)
  A killer bee (D:10)
  An orc (Orc:1)
  92 fungi
  186 plants
  2 snaplasher vines (Shoals:2)
  4 tentacles (Shoals:1)
289 creatures vanquished.

Grand Total: 1012 creatures vanquished

Notes
Turn   | Place    | Note
-------+----------+-------------------------------------------
     0 | D:1      | H0rd4k the Deep Elf Hedge Wizard began the quest for the
                  | Orb.
     0 | D:1      | Reached XP level 1. HP: 10/10 MP: 7/7
   565 | D:1      | Reached XP level 2. HP: 15/15 MP: 5/9
   674 | D:1      | Reached skill level 5 in Spellcasting
   934 | D:1      | Found a faded altar of an unknown god.
  1437 | D:2      | Reached XP level 3. HP: 19/19 MP: 7/12
  1440 | D:2      | Learned a level 2 spell: Blink
  1444 | D:2      | Learned a level 3 spell: Conjure Flame
  1448 | D:2      | Learned a level 3 spell: Mephitic Cloud
  1811 | D:2      | Found Havy's Jewellery Shoppe.
  1843 | D:2      | Reached skill level 6 in Spellcasting
  2013 | D:2      | Reached XP level 4. HP: 24/24 MP: 10/14
  2416 | D:2      | Noticed Jessica
  2419 | D:2      | Killed Jessica
  2420 | D:2      | Reached skill level 1 in Air Magic
  2446 | D:2      | Noticed Terence
  2497 | D:2      | Killed Terence
  2740 | D:2      | Reached XP level 5. HP: 26/28 MP: 9/15
  3233 | D:3      | Reached skill level 1 in Fire Magic
  3311 | D:3      | Found a transporter.
  3315 | D:3      | Noticed Uwazi's ghost (weakling OgBe)
  3429 | D:3      | Found a transporter.
  4540 | D:4      | Noticed a phantom
  4694 | D:4      | Identified the +0 mace of Ufiheng {antimagic, rElec rF-
                  | rC++ Stlth+}
  4880 | D:5      | Entered Level 5 of the Dungeon
  5129 | D:4      | Noticed Robin
  5198 | D:5      | Noticed an ogre
  5289 | D:5      | Noticed a sky beast
  5316 | D:5      | Reached skill level 1 in Poison Magic
  5427 | D:5      | Killed a sky beast
  5428 | D:5      | Reached XP level 6. HP: 31/32 MP: 8/17
  5537 | D:5      | Reached skill level 7 in Spellcasting
  5629 | D:5      | Noticed a gargoyle
  5638 | D:5      | Noticed a water moccasin
  5645 | D:5      | Killed a water moccasin
  5742 | D:5      | Reached XP level 7. HP: 28/36 MP: 7/20
  5973 | D:5      | Reached skill level 8 in Spellcasting
  6280 | D:6      | Noticed a yak
  6340 | D:6      | Found Xaugruf's Fire Supplies.
  6404 | D:6      | Reached skill level 5 in Conjurations
  6404 | D:6      | Reached XP level 8. HP: 42/42 MP: 10/22
  6622 | D:6      | Reached skill level 9 in Spellcasting
  6791 | D:6      | Found a staircase to the Ecumenical Temple.
  6868 | Temple   | Entered the Ecumenical Temple
  6927 | Temple   | Became a worshipper of Gozag Ym Sagoz the Greedy
  6986 | D:6      | Reached skill level 1 in Fighting
  7043 | D:6      | Found a shimmering blue altar of Sif Muna.
  7354 | D:6      | Reached skill level 10 in Spellcasting
  7364 | D:6      | Reached XP level 9. HP: 42/47 MP: 10/25
  7666 | D:6      | Learned a level 3 spell: Stone Arrow
  7716 | D:7      | Reached skill level 11 in Spellcasting
  8070 | D:7      | Noticed Maggie
  8081 | D:7      | Killed Maggie
  8223 | D:7      | Reached skill level 1 in Earth Magic
  8398 | D:7      | Found a bloodstained altar of Trog.
  8399 | D:7      | Found a hide-covered altar of Uskayaw.
  8963 | D:7      | Noticed a komodo dragon
  8998 | D:7      | Killed a komodo dragon
  8999 | D:7      | Reached skill level 12 in Spellcasting
  9639 | D:8      | Found a burning altar of Makhleb.
 10411 | D:9      | Noticed a kobold demonologist
 10414 | D:9      | Killed a kobold demonologist
 10415 | D:9      | Reached XP level 10. HP: 52/52 MP: 18/28
 10726 | D:9      | Found a runed translucent door.
 10892 | D:9      | Found a runed translucent door.
 10919 | D:9      | Found a runed translucent door.
 10938 | D:9      | Found a runed translucent door.
 11075 | D:9      | Reached skill level 13 in Spellcasting
 11614 | D:9      | Noticed an obsidian statue
 11663 | D:10     | Entered Level 10 of the Dungeon
 11679 | D:10     | Noticed a tengu warrior
 11679 | D:10     | Noticed a tengu warrior
 11696 | D:10     | Killed a tengu warrior
 11697 | D:10     | Reached skill level 10 in Conjurations
 11701 | D:10     | Killed a tengu warrior
 12022 | D:10     | Reached skill level 14 in Spellcasting
 12022 | D:10     | Reached skill level 5 in Earth Magic
 12493 | D:10     | Found a staircase to the Lair.
 13128 | D:11     | Noticed an ogre mage
 13128 | D:11     | Noticed a two-headed ogre
 13128 | D:11     | Noticed a two-headed ogre
 13128 | D:11     | Noticed a two-headed ogre
 13129 | D:11     | Noticed a two-headed ogre
 13142 | D:11     | Killed a two-headed ogre
 13143 | D:11     | Reached skill level 1 in Evocations
 13143 | D:11     | Reached XP level 11. HP: 56/56 MP: 14/31
 13146 | D:11     | Killed an ogre mage
 13152 | D:11     | Killed a two-headed ogre
 13434 | D:11     | Reached skill level 15 in Spellcasting
 13662 | D:11     | Killed a two-headed ogre
 14352 | D:11     | Killed a two-headed ogre
 14661 | D:12     | Noticed a red ugly thing
 15063 | D:12     | Found a staircase to the Orcish Mines.
 15092 | D:12     | Noticed a seven-headed hydra
 15494 | D:4      | Noticed Menkaure
 15498 | D:4      | Killed Menkaure
 15741 | D:4      | Noticed Sigmund
 15755 | D:4      | Killed Sigmund
 16052 | D:4      | Killed Robin
 16453 | D:3      | Killed Uwazi's ghost
 17089 | Lair:1   | Entered Level 1 of the Lair of Beasts
 17400 | Lair:1   | Noticed a six-headed hydra
 17415 | Lair:1   | Killed a six-headed hydra
 17416 | Lair:1   | Reached skill level 16 in Spellcasting
 17710 | Lair:1   | Reached XP level 12. HP: 61/61 MP: 15/34
 17887 | Lair:1   | Noticed a seven-headed hydra
 17897 | Lair:1   | Killed a seven-headed hydra
 18733 | Lair:2   | Noticed Sonja
 18736 | Lair:2   | Killed Sonja
 19109 | Lair:2   | Found a staircase to the Shoals.
 20355 | Lair:3   | Noticed a six-headed hydra
 20364 | Lair:3   | Killed a six-headed hydra
 20365 | Lair:3   | Reached skill level 17 in Spellcasting
 20877 | Lair:3   | Noticed a catoblepas
 20921 | Lair:3   | Noticed a four-headed hydra
 20955 | Lair:3   | Killed a four-headed hydra
 21558 | Lair:3   | Noticed a five-headed hydra
 21597 | Lair:3   | Killed a five-headed hydra
 21610 | Lair:3   | Found a glowing silver altar of Zin.
 21926 | Lair:3   | Found a hole to the Spider Nest.
 22261 | Lair:4   | Learned a level 5 spell: Lee's Rapid Deconstruction
 22267 | Lair:4   | Learned a level 5 spell: Borgnjor's Vile Clutch
 22291 | Lair:4   | Reached skill level 1 in Necromancy
 22324 | Lair:4   | Noticed Urug
 22587 | Lair:4   | Reached XP level 13. HP: 46/66 MP: 11/36
 22725 | Lair:4   | Reached skill level 18 in Spellcasting
 22750 | Lair:4   | Found a dark tunnel.
 22759 | Volcano  | Entered a volcano
 23007 | Volcano  | Reached skill level 5 in Dodging
 23088 | Volcano  | Reached skill level 10 in Earth Magic
 23566 | Lair:4   | Noticed Kirke
 25153 | Lair:4   | Killed Kirke
 25654 | D:10     | Bought a There-And-Back Book for 480 gold pieces
 25659 | D:10     | Learned a level 3 spell: Teleport Other
 25665 | D:10     | Learned a level 4 spell: Iskenderun's Mystic Blast
 26146 | Lair:5   | Reached skill level 19 in Spellcasting
 26403 | Lair:5   | Found a staircase to the Slime Pits.
 28158 | Lair:6   | Entered Level 6 of the Lair of Beasts
 28176 | Lair:6   | Reached XP level 14. HP: 72/72 MP: 27/39
 28440 | Lair:4   | Killed Urug
 28636 | D:10     | Bought a manual of Summonings for 1120 gold pieces
 29440 | Lair:5   | Reached skill level 20 in Spellcasting
 30175 | Lair:6   | Reached skill level 15 in Conjurations
 30924 | Lair:6   | Reached skill level 5 in Translocations
 31629 | Lair:6   | Reached skill level 21 in Spellcasting
 32067 | Lair:6   | Found a burning altar of Makhleb.
 32586 | Lair:6   | Learned a level 6 spell: Iron Shot
 32930 | Lair:6   | Found a gateway to Hell.
 33542 | Lair:4   | Identified the +5 executioner's axe of Dissatisfaction
                  | {speed, rPois Str+3}
 33730 | Orc:1    | Entered Level 1 of the Orcish Mines
 36091 | Orc:1    | Reached XP level 15. HP: 69/76 MP: 15/42
 36561 | Orc:2    | Entered Level 2 of the Orcish Mines
 36737 | Orc:2    | Noticed Rupert
 36738 | Orc:2    | Paralysed by an orc sorcerer for 4 turns
 36741 | Orc:2    | HP: 3/76 [ogre[an orc knight] (7)]
 37204 | Orc:2    | Found a staircase to the Elven Halls.
 39009 | Orc:2    | Gained mutation: Your body sometimes deteriorates upon
                  | taking damage. [a neqoxec]
 39272 | Orc:2    | Paralysed by Rupert for 7 turns
 39315 | Orc:2    | Killed Rupert
 39961 | Orc:2    | Noticed Donald
 39996 | Orc:2    | Killed Donald
 40142 | Orc:2    | Found Apedaex's Book Boutique.
 40144 | Orc:2    | Found Aguoqupsiu's Weapon Shop.
 40145 | Orc:2    | Found Bohalez's General Store.
 40149 | Orc:2    | Found Icecsogy's Antique Armour Boutique.
 40155 | Orc:2    | Bought a tattered robe for 205 gold pieces
 40155 | Orc:2    | Identified the +0 robe "Ekow" {Int+2 Slay+2} (You bought it
                  | in a shop on level 2 of the Orcish Mines)
 40380 | Orc:2    | Bought the Papyrus of the Birds and Creation for 460 gold
                  | pieces
 40380 | Orc:2    | Bought a book of Beasts for 380 gold pieces
 40386 | Orc:2    | Learned a level 5 spell: Summon Forest
 40386 | Orc:2    | Bought a book of Dangerous Friends for 400 gold pieces
 40396 | Orc:2    | Learned a level 7 spell: Spellforged Servitor
 40406 | Orc:2    | Learned a level 6 spell: Summon Cactus Giant
 40721 | D:13     | Reached skill level 22 in Spellcasting
 41627 | D:13     | Found a bloodstained altar of Trog.
 42151 | Shoals:1 | Entered Level 1 of the Shoals
 42156 | Shoals:1 | Reached skill level 5 in Summonings
 42732 | Shoals:1 | Noticed Josephine
 42901 | Shoals:1 | Killed Josephine
 43048 | Shoals:1 | Identified the +0 trident "H0rd4k's Regret" {flame, rElec
                  | rN+ Int-5 Dex+8}
 43507 | Shoals:1 | Noticed a kraken
 45819 | Shoals:2 | Found a runed translucent gate.
 45819 | Shoals:2 | Found a runed translucent gate.
 45819 | Shoals:2 | Found a runed translucent gate.
 45820 | Shoals:2 | Noticed LaularuKyrumo's ghost (adept NaBe)
 46084 | Shoals:2 | Identified the +3 trident "Yschische" {flame, *Noise +Blink
                  | Dex+8}
 46406 | Shoals:2 | Identified the +4 shortbow of Crystal {vorpal, SInv}
 46565 | Shoals:2 | Reached XP level 16. HP: 81/81 MP: 27/44
 48020 | Shoals:3 | Reached skill level 23 in Spellcasting
 49729 | Shoals:4 | Entered Level 4 of the Shoals
 49971 | Shoals:4 | Killed from afar by a water nymph

Illustrated notes

Levels and vault maps discovered:
D:1:      dpeg_arrival_rhombi, layout_loops_ring, basic_ecumenical_altar
D:2:      layout_loops_cross, serial_shops, shop_coins, minmay_rat_gold_closets,
          uniq_terence, uniq_jessica
D:3:      layout_loops_corners, gammafunk_ghost_stat_death
D:4:      layout_basic, uniq_robin, uniq_sigmund, uniq_menkaure
D:5:      layout_rooms, lightli_corner_chamber
D:6:      layout_cave_pools, nicolae_sif_muna_condensation,
          minmay_temple_entry_trees, chequers_mini_garden,
          chequers_serial_rivers_micro_e, nicolae_shop_fire_sale
          [nicolae_sub_dead_trees]
D:7:      layout_basic, mainiacjoe_overflow_divided_tiny, uniq_maggie
D:8:      layout_cave_pools, kennysheep_little_box
D:9:      layout_loops_ring, minmay_statue_crystal_thing
D:10:     layout_gridville, dpeg_oklobed_lair
D:11:     layout_roguey
D:12:     layout_roguey, orc_0_dummy, kennysheep_cluttered_room,
          minmay_misc_feat_alley
D:13:     layout_basic, hex_tiny, trog_hazing_becter
Temple:   mainiacjoe_temple_coin_purse
Lair:1:   layout_cave_shapes, beast_lair_carwin_7
Lair:2:   layout_cave_pods, minmay_shoals_entry_beasts,
          infiniplex_staircase_pool_2, uniq_sonja
Lair:3:   layout_long_grid, spider_nest_entry_webs, basic_altar,
          serial_bayou_lagoon_a, grunt_megastairs_4
Lair:4:   layout_cellular_growth, lightli_volcano_entry_magma_tube, st_stairs_6,
          uniq_kirke, uniq_urug
Lair:5:   layout_loops_ring, minmay_slime_entry_jelly_boxes, special_room
          [special_room_bee], serial_bayou_shore_a
Lair:6:   evil_forest, layout_regular_city, st_stairs_7
Shoals:1: layout_shoals, nicolae_splish_splash, uniq_josephine
Shoals:2: layout_shoals, gammafunk_ghost_necromancy,
          nicolae_shoals_pincushion_passage
Shoals:3: layout_shoals, nicolae_shoals_elemental_ambush
Shoals:4: shoals_end_simple, layout_shoals, shoals_ilsuiw_ice
Orc:1:    nicolae_orc_accident_2, layout_caves
Orc:2:    st_orc_mages, layout_caves, uniq_rupert, uniq_donald

Skill      XL: |  1  2  3  4  5  6  7  8  9 10 11 12 13 14 15 16 |
---------------+-------------------------------------------------+-----
Spellcasting   | 5 6 7 8 10 12 14 16 17 19 21 22 23 | 23.2
Conjurations   | 2 3 4 5 7 9 10 12 13 14 15 16 | 16.7
Air Magic      | 1 |  1.6
Fire Magic     | 1 2 3 4 |  4.1
Poison Magic   | 1 2 3 4 |  4.1
Dodging        | 3 4 5 6 |  6.0
Fighting       | 1 2 |  2.7
Earth Magic    | 3 5 7 9 11 13 14 | 14.8
Translocations | 2 6 |  6.9
Evocations     | 1 2 3 |  3.2
Necromancy     | 1 |  1.5
Summonings     | 8 9 |  9.3
Stealth        | 3 |  3.1

Action                   |  1- 3 |  4- 6 |  7- 9 | 10-12 | 13-15 | 16-18 || total
-------------------------+-------+-------+-------+-------+-------+-------++-------
Melee: Unarmed           |       |       |       |     4 |       |       ||     4
       Staff             |       |       |       |       |     8 |       ||     8
 Cast: Magic Dart        |    94 |   189 |   150 |   121 |   246 |    16 ||   816
       Mephitic Cloud    |       |     5 |     3 |    10 |    10 |       ||    28
       Conjure Flame     |       |     5 |    23 |    50 |    65 |     1 ||   144
       Blink             |       |     1 |     2 |     5 |    20 |       ||    28
       Stone Arrow       |       |       |    44 |   311 |   215 |       ||   570
       Lee's Rapid Decon |       |       |       |       |    85 |     4 ||    89
       Borgnjor's Vile C |       |       |       |       |    65 |    20 ||    85
       Iron Shot         |       |       |       |       |   223 |    61 ||   284
       Teleport Other    |       |       |       |       |     6 |     2 ||     8
       Summon Forest     |       |       |       |       |     8 |     1 ||     9
       Spellforged Servi |       |       |       |       |     1 |     1 ||     2
       Summon Cactus Gia |       |       |       |       |       |     5 ||     5
Invok: Call Merchant     |       |       |       |     1 |     3 |       ||     4
Evoke: Wand              |       |       |       |    19 |    29 |    15 ||    63
       Piece from Xom's  |       |       |       |       |     2 |       ||     2
  Use: Scroll            |       |       |       |    19 |    15 |     2 ||    36
       Potion            |       |       |       |     1 |     2 |     6 ||     9
Armor: Robe              |     3 |     3 |     2 |    66 |   134 |     9 ||   217
Dodge: Dodged            |    11 |    38 |     5 |    83 |   195 |    31 ||   363
